 Dungeon Crawl Stone Soup version 0.22-a0-469-gf26638a (webtiles) character file.

704 Veiltonx the Cleaver (level 7, -5/57 HPs)
             Began as a Minotaur Fighter on June 11, 2018.
             Killed from afar by an electric eel (14 damage)
             ... with a bolt of electricity
             ... on level 4 of the Dungeon.
             The game lasted 00:07:39 (4017 turns).

Veiltonx the Cleaver (Minotaur Fighter)             Turns: 4017, Time: 00:07:40

Health: -5/57      AC:  6    Str: 22    XL:     7   Next: 39%
Magic:  6/6        EV:  5    Int:  5    God:
Gold:   238        SH: 14    Dex: 10    Spells: 6/6 levels left

rFire    + . .     SeeInvis .   a - +0 war axe
rCold    . . .     Gourm    .   t - +0 large shield
rNeg     . . .     Faith    .   b - +0 scale mail
rPois    .         Spirit   .   (helmet restricted)
rElec    .         Reflect  .   r - scarf {repulsion}
rCorr    .         Harm     .   (no gloves)
MR       .....                  (no boots)
Stlth    ..........             (no amulet)
HPRegen  0.19/turn              q - ring of protection from fire (curse)
MPRegen  0.10/turn              (no ring)

@: repel missiles
A: retaliatory headbutt, horns 2
a: no special abilities


You were on level 4 of the Dungeon.
You were not hungry.

You visited 1 branch of the dungeon, and saw 4 of its levels.

You collected 238 gold pieces.

Inventory:

Hand Weapons
 a - a +0 war axe (weapon)
Armour
 b - a +0 scale mail (worn)
 c - a +0 shield
 r - a scarf of repulsion (worn)
 t - a +0 large shield (worn)
Jewellery
 q - a cursed ring of protection from fire (left hand)
Wands
 s - a wand of disintegration (10)
 u - a wand of iceblast (11)
 v - a wand of flame (33)
Scrolls
 e - 2 scrolls of teleportation {unknown}
 k - 5 scrolls of remove curse {unknown}
 l - 3 scrolls of fear {unknown}
 m - 3 scrolls of identify {unknown}
 n - a scroll of noise {unknown}
 o - 2 scrolls of enchant armour {unknown}
Potions
 d - a potion of might
 g - 3 potions of lignification {unknown}
 h - a potion of magic {unknown}
 i - 2 potions of invisibility {unknown}
 j - a potion of heal wounds {unknown}
Comestibles
 f - 7 rations
 p - 4 chunks of flesh


   Skills:
 + Level 3.6 Fighting
 * Level 10.0 Axes
 + Level 3.6 Armour
 + Level 3.6 Shields


You had 6 spell levels left.
You didn't know any spells.
Your spell library was empty.

Dungeon Overview and Level Annotations

Branches:
Dungeon (4/15)
 Temple: D:4-7

Altars:
Yredelemnul

Annotations:
D:4 1 transporter


Innate Abilities, Weirdness & Mutations

You reflexively headbutt those who attack you in melee.
You have a pair of horns on your head.


Message History

Evoke which item? (* to show all) (? for menu, Esc to quit)
Aiming: Disintegrate
Press: ? - help, Shift-Dir - straight line, f - electric eel
Aim: an electric eel (fire blocked by a translucent stone wall, chance to defeat MR: 73%) There's something in the way.
Okay, then.
The electric eel shoots out a bolt of lightning at you!
The bolt of electricity hits you! The bolt of electricity misses you.
The bolt of electricity hits the plant.
There is an open door here.
The electric eel shoots out a bolt of lightning at you!
The bolt of electricity hits you!
* * * LOW HITPOINT WARNING * * *
You hit the electric eel but do no damage.
You closely miss the electric eel. Your headbutt misses the electric eel.
You hit the electric eel.
The electric eel is lightly wounded.
The electric eel shoots out a bolt of lightning at you!
The bolt of electricity hits you!
You die...

.#.#.##.....#..###### #.####....
.#.#.#####..#.......####.#.....##
.#..##.................#.#.###.##
.#.##............©.......(.......
.#..#.......#.#######.##.#.##..##
.#........>...#8.©%8#.##.#.##..#
.#.####.......#P...P#.##.#.##..#
.#.#..........###'###.##.#.##..#
.#.#.....<....#;@.$≈#.##.#.##..#
.#.########...#≈.%?≈#.##.#.##..#
<.............#≈...≈#.##.#.##..#
.###########..#≈.⌠.≈#.##.#.....#
.....# #..#≈...≈#.##.###...#
####.# #..#≈...≈#.##.......#
.....# #..#≈...≈#.######..##
.#.### #).###+###.# #..# ...#
#..#P.?.P#.# #..#


You could see an electric eel.

Vanquished Creatures
  Sigmund (D:3)
  2 electric eels (D:4)
  A crimson imp (D:3)
  A hound (D:4)
  A centaur skeleton (D:4)
  Jessica (D:3)
  Ijyb (D:3)
  2 worker ants (D:4)
  Robin (D:2)
  7 gnolls
  6 adders
  2 oozes (D:3)
  2 adder skeletons (D:4)
  A worm (D:3)
  4 dart slugs
  5 leopard geckos
  10 orcs
  3 giant cockroaches
  18 goblins
  13 hobgoblins
  4 jackals (D:3)
  10 kobolds
  3 quokkas
  11 bats
  A frilled lizard (D:3)
  A leopard gecko skeleton (D:4)
  6 rats
118 creatures vanquished.

Notes
Turn   | Place    | Note
-------+----------+-------------------------------------------
     0 | D:1      | Veiltonx the Minotaur Fighter began the quest for the Orb.
     0 | D:1      | Reached XP level 1. HP: 19/19 MP: 0/0
    28 | D:1      | Reached skill level 3 in Axes
    31 | D:1      | Reached XP level 2. HP: 24/26 MP: 1/1
   174 | D:1      | Reached skill level 4 in Axes
   239 | D:1      | Reached XP level 3. HP: 20/31 MP: 2/2
   820 | D:2      | Found a basalt altar of Yredelemnul.
   893 | D:2      | Reached skill level 5 in Axes
   953 | D:2      | Reached XP level 4. HP: 30/39 MP: 3/3
  1022 | D:2      | Noticed Robin
  1055 | D:2      | Killed Robin
  1842 | D:2      | Reached skill level 6 in Axes
  2084 | D:3      | Reached XP level 5. HP: 43/45 MP: 4/4
  2250 | D:3      | Reached skill level 7 in Axes
  2443 | D:3      | Noticed Sigmund
  2454 | D:3      | Killed Sigmund
  2454 | D:3      | Reached skill level 8 in Axes
  2454 | D:3      | Reached XP level 6. HP: 38/51 MP: 5/5
  2612 | D:3      | Noticed Jessica
  2618 | D:3      | Killed Jessica
  2867 | D:3      | Noticed Ijyb
  2874 | D:3      | Killed Ijyb
  2874 | D:3      | Reached skill level 9 in Axes
  2925 | D:4      | Found a transporter.
  3085 | D:4      | Reached XP level 7. HP: 44/57 MP: 6/6
  3424 | D:4      | Found a transporter.
  4012 | D:4      | Reached skill level 10 in Axes
  4017 | D:4      | Killed from afar by an electric eel

Vault maps used:
D:1:      lightli_arrival_quake
D:2:      old_standard_altar, uniq_robin
D:3:      first_ration, uniq_sigmund, uniq_jessica, uniq_ijyb
D:4:      gammafunk_steamed_eel, interstate_on_off

Skill      XL: |  1  2  3  4  5  6  7 |
---------------+----------------------+-----
Axes           | 3 4 5 6 8 9 10 | 10.0
Fighting       | |  3.6
Armour         | |  3.6
Shields        | |  3.6

Action                   |  1- 3 |  4- 6 |  7- 9 || total
-------------------------+-------+-------+-------++-------
Melee: War axe           |   104 |   190 |    38 ||   332
       Headbutt          |    10 |    25 |     7 ||    42
Evoke: Wand              |       |       |     4 ||     4
  Eat: Chunk             |       |     7 |     3 ||    10
Armor: Scale mail        |    51 |    65 |     7 ||   123
Dodge: Dodged            |    27 |    53 |     6 ||    86
       Deflected         |       |     1 |       ||     1
Block: Shield            |    68 |    92 |    13 ||   173
       Large shield      |       |       |     5 ||     5

Table legend:
 A = Spawn XP
 B = Non-spawn XP
 C = Spawn XP percentage of total XP
 D = Spawn monster count
 E = Non-spawn monster count
 F = Spawn count percentage of total count
 G = Total turns spent on level
                    A         B        C        D         E        F      G
               +---------+---------+-------+---------+---------+-------+---------
         Total |       0 |    1006 |   0.0 |       0 |     118 |   0.0 |  4017
               +---------+---------+-------+---------+---------+-------+---------
           D:1 |       0 |      56 |   0.0 |       0 |      28 |   0.0 |   757
           D:2 |       0 |     119 |   0.0 |       0 |      33 |   0.0 |  1290
           D:3 |       0 |     496 |   0.0 |       0 |      38 |   0.0 |   877
           D:4 |       0 |     335 |   0.0 |       0 |      19 |   0.0 |  1093
               +---------+---------+-------+---------+---------+-------+---------
